 Dungeon Crawl Stone Soup version 0.26-a0-1191-ge2a0e31ab3 (webtiles) character file.

Game seed: 14448116388664951634

8365 voltaire321 the Covert (level 11, -17/56 HPs)
             Began as a Spriggan Venom Mage on Dec 28, 2020.
             Was a Believer of Dithmenos.
             Killed by the air
             ... invoked by Gastronok
              (31 damage)
             ... on level 1 of the Lair of Beasts on Dec 29, 2020.
             The game lasted 01:08:47 (15378 turns).

voltaire321 the Covert (Spriggan Venom Mage)       Turns: 15378, Time: 01:08:47

Health: -17/56     AC: 13    Str:  6    XL:     11   Next: 8%
Magic:  13/24      EV: 24    Int: 17    God:    Dithmenos [**....]
Gold:   662        SH:  0    Dex: 18    Spells: 15/26 levels left

rFire    . . .     SeeInvis +   y - +2 falchion (holy)
rCold    . . .     Faith    .   (shield restricted)
rNeg     . . .     Spirit   .   M - +0 troll leather armour
rPois    .         Reflect  .   (helmet restricted)
rElec    .         Harm     .   e - +0 cloak
rCorr    .         Rampage  .   (gloves unavailable)
Will     +....                  (boots unavailable)
Stlth    +++++.....             F - amulet of magic regeneration
HPRegen  0.58/turn              g - +4 ring of protection (curse)
MPRegen  0.44/turn              J - +4 ring of protection

@: wreathed by umbra, very quick
A: very small, unfitting armour, see invisible, speed 3
a: Renounce Religion, Shadow Step


You were on level 1 of the Lair of Beasts.
You worshipped Dithmenos.
Dithmenos was pleased with you.
You visited 2 branches of the dungeon, and saw 11 of its levels.

You collected 662 gold pieces.

Inventory:

Hand Weapons
 y - a +2 falchion of holy wrath (weapon)
 D - a +2 whip of electrocution
Armour
 e - a +0 cloak (worn)
 w - a +0 buckler
 M - a +0 troll leather armour (worn)
Jewellery
 g - a cursed +4 ring of protection (left hand)
 i - a +6 ring of intelligence
 F - an amulet of magic regeneration (around neck)
 G - a +6 ring of dexterity
 J - a +4 ring of protection (right hand)
 L - an uncursed ring of see invisible
Wands
 t - a wand of digging (4)
 B - a wand of acid (10)
 K - a wand of polymorph (17)
Scrolls
 a - 2 scrolls of acquirement {unknown}
 b - 2 scrolls of noise {unknown}
 c - 2 scrolls of amnesia
 d - a scroll of fog {unknown}
 h - 2 scrolls of identify
 l - 2 scrolls of enchant weapon
 r - 5 scrolls of teleportation
 u - 4 scrolls of remove curse
 x - a scroll of enchant armour {unknown}
 z - a scroll of blinking {unknown}
 A - a scroll of fear {unknown}
 E - a scroll of brand weapon {unknown}
 H - a scroll of silence {unknown}
 I - a scroll of vulnerability {unknown}
Potions
 f - a potion of magic
 j - 2 potions of resistance {unknown}
 k - 3 potions of invisibility
 m - a potion of heal wounds {unknown}
 n - 2 potions of ambrosia {unknown}
 o - 4 potions of lignification
 p - 3 potions of curing
 q - 2 potions of flight
 s - a potion of might {unknown}
 v - 2 potions of berserk rage {unknown}
 C - a potion of haste


   Skills:
 + Level 5.2 Fighting
 + Level 10.0 Dodging
 - Level 10.0 Stealth
 + Level 4.5 Shields
 + Level 8.2 Spellcasting
 + Level 2.0 Conjurations
 - Level 2.0 Transmutations
 - Level 2.0 Fire Magic
 - Level 3.0 Air Magic
 + Level 7.3 Poison Magic
 + Level 3.9 Invocations


You had 15 spell levels left.
You knew the following spells:

 Your Spells              Type           Power        Failure   Level
a - Sting                 Tmut/Pois      88%          2%          1
b - Poisonous Vapours     Pois/Air       48%          2%          2
c - Olgreb's Toxic Radia  Pois           32%          8%          4
d - Foxfire               Conj/Fire      52%          7%          1
e - Ignite Poison         Fire/Tmut/Pois 19%          10%         3

Your spell library contained the following spells:

 Spells                   Type           Power        Failure   Level
 Mephitic Cloud           Conj/Pois/Air  21%          9%          3
 Freeze                   Ice            28%          16%         1
 Inner Flame              Hex/Fire       10%          32%         3
 Frozen Ramparts          Ice            14%          43%         3
 Ozocubu's Armour         Ice            7%           43%         3
 Hailstorm                Conj/Ice       10%          71%         4
 Summon Ice Beast         Ice/Summ       7%           85%         4
 Bolt of Magma            Conj/Fire/Erth 5%           94%         5
 Ignition                 Fire           6%           100%        8


Dungeon Overview and Level Annotations

Branches:
Dungeon (10/15)              Lair (1/6) D:9
 Temple: D:4-7          Orc: D:9-12

Altars:
Ashenzari
Cheibriados
Dithmenos
Elyvilon
Gozag
Okawaru
Qazlal
Trog
Vehumet
Wu Jian
Zin
The Shining One

Shops:
D:6 [   D:9 *

Annotations:
D:6 Grinder, Menkaure
D:8 2 transporters
D:10 3 runed translucent doors
Lair:1 Gastronok


Innate Abilities, Weirdness & Mutations

You are very small and have problems with some larger weapons.
You are too small for most types of armour.
You have supernaturally acute eyesight. (SInv)
You cover ground extremely quickly.


Message History

The wolf barely misses you.
You riposte.
You miss the wolf.
The wolf is heavily wounded.
The cane toad closely misses you.
You riposte.
You hit the cane toad.
The cane toad is lightly wounded.
The wolf misses you.
Gastronok gurgles horribly!
Gastronok is poisoned.
Your toxic aura wanes.
Gastronok waves his eye-stalks in wide circles.
The air twists around and strikes you!!
Ouch! That really hurt!
Gastronok bites you!
* * * LOW HITPOINT WARNING * * *
You see here a wolf corpse.
The wolf stops to sniff the ground.
The wolf looks more healthy.
Gastronok waves his eye-stalks in wide circles.
The air twists around and strikes you!!
Ouch! That really hurt!
You die...

#. #...#...# #. ###.##..##
h..###.###FF.###♣♣
P.....#...#.###..
.......wF######.♣
........†.###..}♣♣
/...........##...#♣ ♣P. ..
...........h.#....# P. ♣♣..
...........@......##♣♣≈♣♣...
#..................#♣P.≈♣...
#.#P...............###......
#.#####..............##.....
###.#.................
###.#....†..........
######...†........
#....†....... ####†w.......


You could see Gastronok (poisoned), a cane toad and a wolf.

Vanquished Creatures
  A two-headed ogre (D:8)
  Pikel (D:8)
  An elephant (D:9)
  2 komodo dragons
  2 trolls (D:9)
  10 yaks
  2 wyverns
  3 wargs (D:9)
  2 water moccasins
  An orc warrior (D:9)
  A phantom (D:10)
  A sky beast (D:6)
  3 black bears
  2 ice beasts
  2 necrophages (D:9)
  5 ogres
  A centaur (D:10)
  4 wolves (Lair:1)
  5 bullfrogs
  Blork the orc (D:6)
  4 scorpions
  7 wights (D:8)
  A bullfrog zombie (D:9)
  A gnoll shaman (D:8)
  3 jellies
  3 quasits
  4 orc priests
  4 hounds
  5 orc wizards
  An iguana (D:5)
  5 worker ants
  3 hound zombies
  A worker ant zombie (D:9)
  7 gnolls
  11 adders
  A shadow imp (D:5)
  A white imp (D:7)
  An ufetubus (D:6)
  2 adder skeletons
  2 worms (D:2)
  2 dart slugs (D:1)
  5 leopard geckos
  34 orcs
  7 giant cockroaches
  12 goblins
  6 hobgoblins
  15 jackals
  8 kobolds
  5 quokkas
  8 bats
  3 frilled lizards
  3 quokka skeletons
  22 rats
247 creatures vanquished.

Vanquished Creatures (others)
  26 foxfires
  3 fungi (Lair:1)
  19 plants
48 creatures vanquished.

Grand Total: 295 creatures vanquished

Notes
Turn   | Place    | Note
-------+----------+-------------------------------------------
     0 | D:1      | voltaire321 the Spriggan Venom Mage began the quest for the
                  | Orb.
     0 | D:1      | Reached XP level 1. HP: 9/9 MP: 5/5
   365 | D:1      | Reached XP level 2. HP: 6/13 MP: 4/6
   558 | D:1      | Learned a level 2 spell: Poisonous Vapours
  1180 | D:1      | Reached XP level 3. HP: 17/17 MP: 6/8
  1528 | D:2      | Found an opulent altar of Gozag.
  2157 | D:2      | Found a radiant altar of Vehumet.
  2432 | D:2      | Reached skill level 1 in Fighting
  2432 | D:2      | Reached XP level 4. HP: 20/22 MP: 4/9
  2926 | D:2      | Reached skill level 1 in Air Magic
  3403 | D:3      | Reached XP level 5. HP: 24/25 MP: 0/11
  4820 | D:5      | Entered Level 5 of the Dungeon
  4880 | D:5      | Found a stormy altar of Qazlal.
  4959 | D:5      | Reached XP level 6. HP: 19/30 MP: 3/12
  5079 | D:5      | Found a broken altar of Ashenzari.
  5118 | D:5      | Found a bloodstained altar of Trog.
  5601 | D:5      | Found a snail-covered altar of Cheibriados.
  5602 | D:5      | Found a shadowy altar of Dithmenos.
  5635 | D:5      | Found an ornate altar of the Wu Jian Council.
  6104 | D:5      | Reached skill level 5 in Stealth
  6326 | D:6      | Found an iron altar of Okawaru.
  6328 | D:6      | Noticed Menkaure
  6346 | D:6      | Noticed Grinder
  6549 | D:6      | Reached skill level 5 in Dodging
  6634 | D:6      | Noticed an ice beast
  6817 | D:6      | Noticed Blork the orc
  6835 | D:6      | Killed Blork the orc
  6836 | D:6      | Reached skill level 1 in Shields
  6836 | D:6      | Reached XP level 7. HP: 27/35 MP: 8/14
  7513 | D:6      | Noticed a red ugly thing
  7528 | D:6      | Found Bumomaom's Antique Armour Shop.
  7734 | D:7      | Found a white marble altar of Elyvilon.
  8397 | D:7      | Learned a level 4 spell: Olgreb's Toxic Radiance
  8770 | D:8      | Reached skill level 5 in Spellcasting
  8770 | D:8      | Reached XP level 8. HP: 35/39 MP: 10/16
  9328 | D:8      | Reached skill level 5 in Poison Magic
  9551 | D:8      | Noticed a two-headed ogre
  9553 | D:8      | Noticed Pikel
  9605 | D:8      | Killed Pikel
  9943 | D:8      | Killed a two-headed ogre
  9944 | D:8      | Reached XP level 9. HP: 45/45 MP: 3/19
 10302 | D:8      | Upgraded the game from 0.26-a0-1184-g95e395e029 to
                  | 0.26-a0-1191-ge2a0e31ab3
 10322 | D:8      | Found a glowing silver altar of Zin.
 10324 | D:8      | Noticed a centaur warrior
 10324 | D:8      | Noticed a six-headed hydra
 10325 | D:8      | Noticed a centaur warrior
 10340 | D:8      | Found a transporter.
 10397 | D:8      | Found a transporter.
 11061 | D:5      | Became a worshipper of Dithmenos the Shadowed
 11739 | D:9      | Reached skill level 1 in Invocations
 11985 | D:9      | Found an opulent altar of Gozag.
 12055 | D:9      | Noticed a troll
 12162 | D:9      | Killed a troll
 12312 | D:9      | Found a glowing golden altar of the Shining One.
 12326 | D:9      | Found Sunav's General Store.
 12370 | D:9      | Reached XP level 10. HP: 51/51 MP: 17/21
 12421 | D:9      | Found a bloodstained altar of Trog.
 12775 | D:9      | Found a staircase to the Lair.
 12794 | D:9      | Reached * piety under Dithmenos
 13107 | D:9      | Identified the Almanac of Envenoming and the Blaze
 13350 | D:9      | Learned a level 1 spell: Foxfire
 13388 | D:10     | Entered Level 10 of the Dungeon
 13393 | D:10     | Learned a level 3 spell: Ignite Poison
 13956 | D:10     | Reached skill level 1 in Fire Magic
 14100 | D:10     | Reached skill level 10 in Stealth
 14175 | D:10     | Reached skill level 1 in Conjurations
 14342 | D:10     | Noticed a catoblepas
 14414 | D:10     | Found a runed translucent door.
 14414 | D:10     | Found a runed translucent door.
 14414 | D:10     | Noticed a boulder beetle
 14416 | D:10     | Found a runed translucent door.
 14834 | Lair:1   | Entered Level 1 of the Lair of Beasts
 14853 | Lair:1   | Noticed an elephant
 14888 | D:9      | Killed an elephant
 14972 | D:9      | Reached skill level 5 in Fighting
 15052 | Lair:1   | Noticed a cane toad
 15140 | Lair:1   | Reached ** piety under Dithmenos
 15150 | Lair:1   | Reached XP level 11. HP: 55/55 MP: 17/24
 15184 | Lair:1   | Noticed Gastronok
 15315 | Lair:1   | Reached skill level 10 in Dodging
 15378 | Lair:1   | Killed from afar by Gastronok

Illustrated notes

Levels and vault maps discovered:
D:1:      lemuel_arrival_tunnels, layout_basic
D:2:      minmay_thinvault, layout_basic, vehumet_crystals,
          grunt_decor_arrowhead, grunt_gozag_statues
D:3:      layout_rooms, minmay_rat_hole
D:4:      layout_rooms, kennysheep_another_room,
          hangedman_abyss_or_decor_lesser_grid, minmay_fractal_squares_gapless_5
D:5:      minmay_evil_eye, layout_cave_pods, kennysheep_mini,
          old_standard_altar, lemuel_round_altar, minitemple, bloody_trog
D:6:      layout_loops_ring, okawaru_metal_pillars_1_2, temple_statues,
          serial_shops, shop, serial_bayou_pond_d, hangedman_minor_gate_pass,
          uniq_grinder, uniq_blork_the_orc, uniq_menkaure
D:7:      layout_loops_cross, old_standard_altar
D:8:      layout_basic, gammafunk_temple_overflow_arena, st_stairs_11,
          uniq_pikel
D:9:      layout_basic, nicolae_overflow_hidden_temple, lemuel_doored_altar,
          old_standard_altar, erik_lair_orcish_takeover, serial_shops,
          shop_statue, hangedman_abyss_or_decor_stagger, minmay_ruined_shrine
D:10:     minmay_the_grid_triangle_9x9_rhombus_full
          [minmay_the_grid_triangle_9x9_empty,
          minmay_the_grid_triangle_9x9_limited_checkers,
          minmay_the_grid_triangle_9x9_intruding_spiral,
          minmay_the_grid_triangle_9x9_skeleton,
          minmay_the_grid_triangle_9x9_minimal,
          minmay_the_grid_triangle_9x9_fully_insulated_deathbox,
          minmay_the_grid_triangle_9x9_descending_squares,
          minmay_the_grid_triangle_9x9_prize_top_heavy], layout_irregular_city
Lair:1:   wad_woods_tower, layout_cave_pods, serial_bayou,
          serial_bayou_lagoon_a, serial_bayou_shore_b, serial_bayou_crossing,
          serial_bayou_pond_a, beast_lair_carwin_10, uniq_gastronok

Skill      XL: |  1  2  3  4  5  6  7  8  9 10 11 |
---------------+----------------------------------+-----
Spellcasting   | 3 4 5 6 7 8 |  8.2
Transmutations | 2 |  2.0
Fighting       | 1 2 3 4 5 |  5.2
Air Magic      | 1 2 3 |  3.0
Dodging        | 4 5 6 7 8 9 10 | 10.0
Stealth        | 4 5 6 8 9 10 | 10.0
Poison Magic   | 4 5 6 7 |  7.3
Shields        | 1 3 4 |  4.5
Invocations    | 2 3 |  3.9
Fire Magic     | 2 |  2.0
Conjurations   | 1 2 |  2.0

Action                   |  1- 3 |  4- 6 |  7- 9 | 10-12 || total
-------------------------+-------+-------+-------+-------++-------
Melee: Whip              |    24 |   123 |     9 |       ||   156
       Falchion          |       |       |   162 |   112 ||   274
 Cast: Sting             |    42 |    75 |    57 |    58 ||   232
       Poisonous Vapours |    17 |    52 |   104 |    65 ||   238
       Olgreb's Toxic Ra |       |       |     1 |    14 ||    15
       Foxfire           |       |       |       |    14 ||    14
       Ignite Poison     |       |       |       |     4 ||     4
  Use: Scroll            |       |     6 |     6 |       ||    12
 Stab: Sleeping          |     1 |       |     1 |       ||     2
Armor: Robe              |     5 |    25 |    30 |     3 ||    63
       Troll leather arm |       |       |       |    18 ||    18
Dodge: Dodged            |    28 |   172 |   182 |   225 ||   607
       Rpst.: Falchion   |       |       |    46 |    54 ||   100

Table legend: (Time is in decaauts)
 A = Elapsed time spent in this place.
 B = Non-inter-level travel time spent in this place.
 C = Inter-level travel time spent in this place.
 D = Time resting spent in this place.
 E = Time spent auto-exploring this place.
 F = Levels seen in this place.
 G = Mean time per level.
                   A        B        C        D        E       F      G
               +--------+--------+--------+--------+--------+-----+--------+
         Total |  12120 |  11718 |    402 |   5082 |   3208 |  11 | 1101.8 |
       Dungeon |  11874 |  11472 |    402 |   5068 |   3205 |  10 | 1187.4 |
          Lair |    246 |    246 |      0 |     14 |      3 |   1 |  246.0 |
               +--------+--------+--------+--------+--------+-----+--------+

Top non-repeatable levels by time:
     D:9: 2052 daAuts
     D:8: 1826 daAuts
     D:5: 1817 daAuts
     D:2: 1200 daAuts
     D:1: 1148 daAuts
     D:3: 1086 daAuts
    D:10: 866 daAuts
     D:7: 811 daAuts
     D:6: 669 daAuts
     D:4: 393 daAuts
  Lair:1: 246 daAuts
